cohdb
Replays
Latest Replays
All Replays
Popular Replays
Top Player Replays
Match Explorer
How It Works
Community
CoH3 Stats
Reddit
Sign in to upload your games and track your stats! →
Sign in with Steam
Beware Challengers #2
Match 26312624
Overview
Messages
Build Orders
End
Selects Armored Battlegroup
Selects Assault Engineers
Assault Engineer Squad
Assault Engineer Squad
Assault Engineer Squad
Construct Weapon Support Center
Sniper
Mechanized Support Center
M1919 Machine Gun Team
Selects Fast Deploy
M16 Multiple Gun Motor Carriage
Construct Medical Station
Construct Motor Pool
Designate Forward Repair Station
M24 Chaffee Light Tank
Selects M31 Recovery Vehicle
Selects War Machine
M8 Greyhound Armored Car
M8 Greyhound Armored Car
M1 Anti-tank Gun Team
M8 Greyhound Armored Car
M8 Greyhound Armored Car
一只小团团OvO
FLOKL
0
0
Comments
sign in to comment!
No comments posted yet!